Map: Ephemeron LE

Players

Lambo

  • Race: Zerg Zerg
  • League: Grandmaster
  • Spawn Location: 11:00

Zest - Winner!

  • Race: Protoss Protoss
  • League: Master
  • Spawn Location: 5:00

Event: HomeStory Cup XX

VOD

Have the link to the VOD?

Description

Time

  • Played on: Nov. 22, 2019, 8:15 a.m.
  • Length: 8:18

All games in this series

Show
View Real Time Build Order
Export as new Build Order

Lambo Zerg 

Build Orders: Hatch First 

Get SALT Encoding   

  12  0:00  Drone  
  13  0:12  Overlord  
  13  0:16  Drone  
  14  0:31  Drone x2  
  16  0:48  Hatchery  
  15  0:51  Drone  
  15  0:55  Drone  
  17  0:58  Drone  
  18  1:09  Extractor  
  17  1:14  Spawning Pool  
  17  1:17  Drone  
  17  1:21  Drone  
  18  1:27  Drone  
  19  1:42  Drone  
  20  1:51  Overlord  
  20  2:01  Queen x2  
  20  2:02  Zergling x4  
  26  2:12  Drone x2  
  28  2:21  Drone  
  28  2:22  Drone  
  30  2:23  Metabolic Boost  
  30  2:33  Drone x2  
  32  2:46  Hatchery  
  32  2:47  Queen  
  33  2:52  Overlord  
  33  2:57  Zergling x4  
  35  2:59  Drone  
  36  3:10  Drone  
  36  3:16  Drone x2  
  38  3:20  Overlord  
  38  3:21  Overlord  
  38  3:23  Drone  
  39  3:28  Overlord  
  39  3:38  Drone  
  39  3:40  Drone x2  
  42  3:46  Drone  
  43  3:49  Drone x2  
  43  3:51  Queen, Lair  
  43  3:52  Drone x2  
  49  3:58  Zergling x6  
  49  3:59  Drone  
  53  4:03  Queen  
  53  4:09  Drone x3  
  58  4:13  Overlord  
  58  4:16  Drone  
  59  4:20  Drone x2  
  59  4:23  Zergling x6  
  64  4:25  Spore Crawler  
  64  4:31  Spore Crawler  
  62  4:33  Queen  
  62  4:34  Drone  
  62  4:36  Zergling x4  
  65  4:40  Drone x2  
  65  4:42  Zergling x6  
  69  4:49  Overlord  
  68  4:54  Zergling x4  
  68  4:58  Zergling x6  
  69  5:05  Drone x6  
  69  5:06  Drone  
  72  5:15  Drone x4  
  72  5:19  Drone  
  74  5:26  Drone x3  
  76  5:30  Roach Warren  
  76  5:31  Drone x2  
  77  5:40  Extractor, Overlord  
  77  5:41  Extractor, Overlord x2  
  77  5:42  Evolution Chamber  
  74  5:44  Overlord  
  74  5:48  Extractor, Drone  
  74  5:49  Overlord  
  74  5:51  Overlord  
  74  5:56  Overlord  
  74  6:00  Overseer  
  71  6:08  Drone x4  
  71  6:10  Zerg Missile Weapons Level 1  
  69  6:13  Roach x3  
  69  6:16  Glial Reconstitution  
  75  6:19  Roach  
  75  6:20  Roach x2  
  81  6:26  Extractor, Queen  
  81  6:29  Roach x2  
  81  6:31  Roach  
  88  6:36  Extractor  
  88  6:37  Roach x3  
  93  6:41  Roach  
  93  6:42  Roach  
  93  6:46  Roach  
  97  6:50  Overlord  
  97  6:52  Roach  
  92  6:54  Overlord  
  92  7:01  Roach x3  
  96  7:05  Roach x2  
  100  7:11  Roach x3  
  107  7:15  Ravager, Overlord  
  107  7:16  Ravager  
  107  7:18  Zergling x4, Roach  
  107  7:22  Ravager  
  111  7:23  Zergling x2  
  111  7:25  Zergling x2  
  111  7:26  Ravager  
  111  7:29  Zergling x8  
  118  7:30  Ravager  
  118  7:31  Zergling x2  
  118  7:36  Roach  
  122  7:40  Roach  
  124  7:45  Zergling x2  
  124  7:49  Roach x2  
  124  7:50  Ravager  
  130  7:54  Overlord  
  130  7:55  Overlord  
  130  7:56  Overlord  
  130  8:00  Overlord  
  130  8:01  Zergling x4  
Show
View Real Time Build Order
Export as new Build Order

Zest Protoss - Winner!

Build Orders: 1 Gate Expand, Archon Immortal, Archon Drop, Dark Templar Rush 

Get SALT Encoding   

  12  0:00  Probe  
  13  0:12  Probe  
  14  0:17  Pylon  
  14  0:24  Probe  
  15  0:32  Probe  
  15  0:39  Gateway  
  15  0:40  Probe  
  16  0:47  Assimilator  
  17  0:51  Probe  
  18  1:03  Probe  
  19  1:15  Probe  
  20  1:25  Cybernetics Core  
  20  1:34  Nexus  
  20  1:37  Probe  
  21  1:43  Pylon  
  21  1:49  Probe  
  21  1:51  Assimilator  
  21  1:52  Adept  
  22  2:01  Probe  
  22  2:04  Warp Gate  
  25  2:12  Adept  
  25  2:13  Probe  
  28  2:25  Probe  
  29  2:31  Twilight Council  
  29  2:35  Stalker  
  29  2:37  Probe  
  30  2:45  Probe  
  30  2:50  Probe  
  34  2:56  Robotics Facility  
  34  2:58  Probe  
  35  3:02  Probe  
  36  3:10  Probe  
  37  3:14  Probe  
  38  3:22  Probe  
  38  3:26  Probe  
  40  3:27  Dark Shrine  
  40  3:34  Probe  
  40  3:38  Probe  
  40  3:39  Warp Prism  
  40  3:40  Gateway  
  42  3:42  Gateway x2  
  42  3:54  Pylon  
  42  3:55  Probe  
  45  3:56  Probe  
  45  3:59  Assimilator  
  45  4:02  Assimilator  
  46  4:12  Pylon, Probe x2  
  46  4:15  Pylon  
  48  4:24  Probe x2  
  50  4:40  Dark Templar x4  
  58  4:46  Probe x2  
  58  4:49  Observer  
  59  5:01  Immortal  
  59  5:03  Nexus  
  59  5:10  Archon  
  61  5:27  Dark Templar x2  
  63  5:30  Adept x2  
  67  5:39  Archon  
  67  5:40  Charge  
  67  5:44  Pylon  
  67  5:45  Gateway  
  67  5:52  Immortal  
  67  5:58  Gateway  
  67  6:00  Gateway  
  69  6:11  Sentry x3  
  71  6:16  Gateway  
  71  6:18  Pylon  
  71  6:22  Immortal  
  71  6:24  Probe x2  
  71  6:25  Pylon, Probe  
  74  6:30  Dark Templar  
  80  6:36  Probe  
  80  6:37  Probe x2  
  83  6:48  Probe  
  83  6:49  Immortal, Probe x2  
  83  6:53  Adept  
  87  7:06  Sentry  
  87  7:07  Zealot x5  
  103  7:16  Pylon  
  103  7:19  Pylon  
  103  7:21  Pylon  
  103  7:26  Shield Battery  
  103  7:32  Stalker  
  103  7:33  Stalker x2  
  109  7:50  Zealot  
  109  7:51  Zealot x4  
  105  8:11  Zealot  
  105  8:12  Zealot x7  
Tags
 
Add a new tag
Caveats
  • Supply blocks, unpowered buildings, or Contaminate may cause inaccurate times.
  • Supply counts are checked every 10 seconds.